 Dungeon Crawl Stone Soup version 0.29-a0-1030-gf5f8719cae (webtiles) character file.

Game seed: 8084696769867001360

107 Drevant2 the Slasher (level 4, 0/27 (29) HPs)
             Began as a Demonspawn Gladiator on Aug 14, 2022.
             Slain by a wight
             ... wielding a +3 mace of freezing
              (12 damage)
             ... on level 3 of the Dungeon.
             The game lasted 00:08:20 (4318 turns).

Drevant2 the Slasher (Demonspawn Gladiator)         Turns: 4318, Time: 00:08:21

HP:   0/27 (29)     AC:  5    Str: 13    XL:     4   Next: 56%
MP:   4/4           EV: 14    Int:  9    God:
Gold: 144           SH:  0    Dex: 20    Spells: 3/3 levels left

rFire   . . .      SeeInvis .   a - +1 long sword
rCold   . . .      Faith    .   (no shield)
rNeg    . . .      Spirit   .   c - +0 ring mail
rPois   .          Reflect  .   (no helmet)
rElec   .          Harm     .   (no cloak)
rCorr   .          Rampage  .   (no gloves)
Will    .....                   (no boots)
Stlth   +.........              (no amulet)
HPRegen 0.09/turn               (no ring)
MPRegen 0.09/turn               (no ring)

@: drained
A: repulsion field 2, agile 1, frail 1
a: no special abilities


You were on level 3 of the Dungeon.
You visited 1 branch of the dungeon, and saw 4 of its levels.

You collected 144 gold pieces.

Inventory:

Hand Weapons
 a - a +1 long sword (weapon)
Missiles
 b - a javelin (quivered)
Armour
 c - a +0 ring mail (worn)
Scrolls
 f - 3 scrolls of fog
 i - 3 scrolls of enchant weapon
Potions
 d - a potion of curing
 e - a potion of haste {unknown}
 g - 2 potions of lignification {unknown}


   Skills:
 - Level 2.0 Fighting
 * Level 4.9 Long Blades
 - Level 1.7 Throwing
 - Level 2.7 Dodging


You had 3 spell levels left.
You didn't know any spells.
Your spell library contained the following spells:

 Spells                   Type           Power      Damage    Failure   Level
 Magic Dart               Conj           0%         1d3       65%         1
 Call Imp                 Summ           0%         N/A       80%         2
 Confusing Touch          Hex            0%         N/A       95%         3
 Mephitic Cloud           Conj/Pois/Air  0%         N/A       95%         3
 Yara's Violent Unravell  Hex/Tmut       0%         3d3       100%        5
 Enfeeble                 Hex            0%         N/A       100%        7


Dungeon Overview and Level Annotations

Branches:
Dungeon (4/15)
 Temple: D:4-7

Altars:
Fedhas
Uskayaw


Innate Abilities, Weirdness & Mutations

You are surrounded by a moderate repulsion field. (EV +3)
You are agile. (Dex +4, Str/Int -1)
You are frail. (-10% HP)


Message History

The wight attacks as you move away! The wight closely misses you.
The wight attacks as you move away! The wight hits you but does no damage.
The wight attacks as you move away! The wight closely misses you.
The wight attacks as you move away! The wight misses you.
The wight attacks as you move away! The wight closely misses you.
The wight attacks as you move away! The wight closely misses you.
The wight attacks as you move away!
The wight hits you with a +3 mace of freezing.
The wight freezes you.
There is a stone staircase leading up here.
The wight barely misses you.
You climb upwards.
There is a stone staircase leading down here.
You closely miss the wight. The wight misses you.
The wight completely misses you.
You hit the wight but do no damage. The wight misses you.
You hit the wight but do no damage. The wight closely misses you.
You closely miss the wight. The wight barely misses you.
You hit the wight. You punch the wight.
The wight is moderately damaged.
The wight barely misses you.
You barely miss the wight. Your punch misses the wight.
The wight is moderately damaged.
The wight hits you with a +3 mace of freezing!
* * * LOW HITPOINT WARNING * * *
The wight freezes you.
* * * LOW HITPOINT WARNING * * *
You closely miss the wight.
The wight is moderately damaged.
The wight misses you.
You slash the wight!
The wight is severely damaged.
The wight closely misses you. x2
You hit the wight.
The wight is severely damaged.
The wight barely misses you.
You hit the wight but do no damage.
The wight is severely damaged.
The wight hits you with a +3 mace of freezing!
You die...

####.##....#..###.#.##..## ###..
........##..#.#..........# #..
......#####.#.......##'##.## ##.
###...# ##.#......##♣.♣##.# #.
.....## #.........##...##.######
.....#####.#.......#._._.#.......
#...###....#.......###8###.####..
.....##...##..>......###...# #..
.....##...##....@.........## ##..
.............#..z).......## ##...
...≈≈≈≈≈≈≈≈≈.##.)....##### #..##
...≈.......≈.[.......# #....##
...≈.♣.♣♣♣^≈..######.#####.####
#..≈.♣...♣.≈..# #.......#
#..≈.♣._.♣.≈..# #......##
#..≈.♣...♣.≈..# #......#
#..≈.♣♣♣.♣.≈..# #......#


You could see a wight.

Vanquished Creatures
  A hound (D:3)
  2 adders (D:2)
  A dart slug (D:3)
  2 bats
  7 endoplasms
  4 giant cockroaches
  6 goblins
  8 hobgoblins
  3 quokkas
  4 ball pythons
  4 frilled lizards
  6 kobolds
  6 rats
54 creatures vanquished.

Notes
Turn   | Place    | Note
-------+----------+-------------------------------------------
     0 | D:1      | Drevant2 the Demonspawn Gladiator began the quest for the
                  | Orb.
     0 | D:1      | Reached XP level 1. HP: 16/16 MP: 1/1
   655 | D:1      | Reached skill level 3 in Long Blades
   906 | D:1      | Gained mutation: You are surrounded by a mild repulsion
                  | field. (EV +2) [demonic ancestry]
   906 | D:1      | Reached XP level 2. HP: 18/22 MP: 2/2
  2231 | D:2      | Gained mutation: You are surrounded by a moderate repulsion
                  | field. (EV +3) [demonic ancestry]
  2231 | D:2      | Reached XP level 3. HP: 27/27 MP: 3/3
  2574 | D:2      | Reached skill level 4 in Long Blades
  2755 | D:2      | Gained mutation: You are frail. (-10% HP) [potion of
                  | mutation]
  2755 | D:2      | Gained mutation: You are agile. (Dex +4, Str/Int -1)
                  | [potion of mutation]
  2864 | D:2      | Found a faded altar of an unknown god.
  3181 | D:3      | Noticed an ogre
  3443 | D:3      | Reached XP level 4. HP: 27/29 MP: 4/4
  3767 | D:3      | Found a blossoming altar of Fedhas.
  4125 | D:3      | Found a hide-covered altar of Uskayaw.
  4318 | D:3      | Slain by a wight

Illustrated notes

Levels and vault maps discovered:
D:1:      dpeg_arrival_stone_temple_mockup, layout_basic, minmay_pentomino_p2
D:2:      layout_rooms, shapermc_ecumenical_altar_mp_highgroup
D:3:      layout_rooms, gammafunk_temple_overflow_statue,
          mainiacjoe_overflow_brackets, minmay_misc_feat_columns
D:4:      layout_basic

Skill      XL: |  1  2  3 |
---------------+----------+-----
Long Blades    | 3 4 |  4.9
Fighting       | |  2.0
Throwing       | |  1.7
Dodging        | |  2.7

Action                   |  1- 3 |  4- 6 || total
-------------------------+-------+-------++-------
Melee: Long sword        |   130 |    34 ||   164
       Punch             |       |     1 ||     1
Throw: Javelin           |     3 |       ||     3
  Use: Scroll            |     1 |     1 ||     2
       Potion            |     6 |       ||     6
 Stab: Sleeping          |     1 |       ||     1
Armor: Ring mail         |     3 |    11 ||    14
Dodge: Dodged            |   125 |    59 ||   184

Table legend: (Time is in decaauts)
 A = Elapsed time spent in this place.
 B = Non-inter-level travel time spent in this place.
 C = Inter-level travel time spent in this place.
 D = Time resting spent in this place.
 E = Time spent auto-exploring this place.
 F = Levels seen in this place.
 G = Mean time per level.
                   A        B        C        D        E       F      G
               +--------+--------+--------+--------+--------+-----+--------+
         Total |   4352 |   4019 |    333 |   2033 |   1362 |   4 | 1088.0 |
       Dungeon |   4352 |   4019 |    333 |   2033 |   1362 |   4 | 1088.0 |
               +--------+--------+--------+--------+--------+-----+--------+

Top non-repeatable levels by time:
     D:1: 1726 daAuts
     D:2: 1701 daAuts
     D:3: 820 daAuts
     D:4: 104 daAuts
